[Event "Titled Tuesday Blitz November 07 Early 2023"]
[White "Estevez Polanco, Leonardo Rafael"]
[Black "lagunanivaria"]
[WhiteFideId "6402798"]
[WhiteElo "2168"]
[BlackElo "2431"]
[Result "0-1"]
[Round "6"]
[TimeControl "180+1"]
[Date "2023.11.07"]
[WhiteClock "0:02:38"]
[BlackClock "0:02:35"]
[Board "164"]

1. e4 c6 2. Nf3 d5 3. Nc3 Bg4 4. h3 Bxf3 5. Qxf3 Nf6 6. exd5 cxd5 7. d4 Nc6 8. Be3 e6 9. Ne2 Nb4 10. O-O-O Nxa2+ 11. Kb1 Nb4 12. Nf4 Qa5 0-1


[Site "https://www.chess.com"]

[Event "Titled Tuesday Blitz November 07 Early 2023"]
[White "Mohammadian,Mohammad"]
[Black "Polaczek, Richard"]
[WhiteFideId "12566055"]
[BlackFideId "200026"]
[WhiteElo "1919"]
[BlackElo "2430"]
[Result "0-1"]
[Round "6"]
[TimeControl "180+1"]
[Date "2023.11.07"]
[WhiteClock "0:01:12"]
[BlackClock "0:01:35"]
[Board "165"]

1. e4 Nf6 2. e5 Nd5 3. Nf3 d6 4. exd6 cxd6 5. Bc4 Nb6 6. Bb3 g6 7. O-O Bg7 8. d4 O-O 9. c3 Nc6 10. Be3 Bf5 11. Nbd2 Na5 12. Bc2 Bxc2 13. Qxc2 Rc8 14. Qd3 Nac4 15. Nxc4 Nxc4 16. b3 Nxe3 17. fxe3 e5 18. dxe5 dxe5 19. Qxd8 Rfxd8 20. c4 e4 21. Ng5 Bxa1 22. Rxa1 f5 23. Ne6 Rd3 24. Kf2 Rd2+ 25. Kf1 Kf7 26. Nd4 f4 27. Ke1 fxe3 28. Nb5 Rcd8 29. Nxa7 Rxg2 30. b4 Rg1+ 31. Ke2 Rxa1 32. Kxe3 Rxa2 33. Kxe4 Rxa7 0-1


[Site "https://www.chess.com"]

[Event "Titled Tuesday Blitz November 07 Early 2023"]
[White "Piesik, Piotr"]
[Black "missponyo10"]
[WhiteFideId "1136194"]
[WhiteElo "2658"]
[BlackElo "2020"]
[Result "1-0"]
[Round "6"]
[TimeControl "180+1"]
[Date "2023.11.07"]
[WhiteClock "0:01:22"]
[BlackClock "0:00:02"]
[Board "166"]

1. Nf3 d5 2. g3 c6 3. Bg2 e6 4. O-O Nf6 5. d3 Nbd7 6. Nbd2 Bd6 7. e4 dxe4 8. dxe4 O-O 9. Qe2 Bc7 10. a4 Qe7 11. b3 Rd8 12. Nc4 h6 13. Ba3 Qe8 14. Nd6 Bxd6 15. Bxd6 Nf8 16. Rfd1 Ng6 17. e5 Nd5 18. Qe1 b6 19. c4 Nde7 20. a5 Bb7 21. Nd4 Nc8 22. a6 Nxd6 23. exd6 Bc8 24. Bxc6 Bd7 25. Bxa8 Rxa8 26. f4 Rd8 27. Qe4 Nf8 28. b4 Nh7 29. c5 Nf6 30. Qb7 bxc5 31. bxc5 Bc8 32. Qxa7 Nd5 33. Rdb1 Rd7 34. Qb8 Rd8 35. Qb5 Qf8 36. a7 Nc3 37. Qb4 Nxb1 38. a8=Q Bd7 39. Qxd8 Qxd8 40. c6 Bxc6 41. Nxc6 Nc3 42. Nxd8 Ne2+ 43. Kh1 Kh7 44. Nxf7 Kg6 45. Qe4+ Kxf7 46. Ra7+ Kf6 47. Qe5+ Kg6 48. Rxg7# 1-0


[Site "https://www.chess.com"]

[Event "Titled Tuesday Blitz November 07 Early 2023"]
[White "Belov, Alexei"]
[Black "KorolDimitriy75"]
[WhiteFideId "4128206"]
[WhiteElo "2600"]
[BlackElo "2336"]
[Result "0-1"]
[Round "6"]
[TimeControl "180+1"]
[Date "2023.11.07"]
[WhiteClock "0:00:21"]
[BlackClock "0:00:04"]
[Board "167"]

1. e4 c5 2. Nf3 d6 3. d4 cxd4 4. Nxd4 Nf6 5. Nc3 g6 6. Be3 Bg7 7. f3 O-O 8. Qd2 Nc6 9. Bc4 Bd7 10. O-O-O Qa5 11. Kb1 Rfc8 12. Bb3 Ne5 13. h4 b5 14. g4 Nc4 15. Qe2 Nxb2 16. Kxb2 Qxc3+ 17. Kb1 a5 18. g5 Nh5 19. Qd2 Qc7 20. Rhg1 a4 21. Bd5 Rab8 22. a3 e6 23. Ba2 Qc5 24. Qb4 Qxb4+ 25. axb4 Rc3 26. Rd3 Rbc8 27. Ne2 Rxc2 28. Nd4 Rh2 29. Rc1 Rxc1+ 30. Bxc1 Rxh4 31. Nc2 Be5 32. Ne3 Nf4 33. Rd1 Rh3 34. Ng4 Be8 35. Nxe5 dxe5 36. Rd8 Kf8 37. Be3 Ke7 38. Rb8 Kd7 39. Rxb5 Rxf3 40. Bc5 Nd3 41. Rb7+ Kc6 42. Re7 Nxc5 43. bxc5 Bd7 44. Kb2 a3+ 45. Kc2 Rf4 46. Bb3 Bc8 47. Ba4+ Kxc5 48. Rc7+ Kb4 49. Be8 Ba6 50. Ra7 Rf2+ 51. Kb1 Bc4 52. Rb7+ Kc3 0-1


[Site "https://www.chess.com"]

[Event "Titled Tuesday Blitz November 07 Early 2023"]
[White "Kochiev, Ivan"]
[Black "Vifleemskaia, Svetlana"]
[WhiteFideId "2917890"]
[BlackFideId "4129490"]
[WhiteElo "2510"]
[BlackElo "2284"]
[Result "1-0"]
[Round "6"]
[TimeControl "180+1"]
[Date "2023.11.07"]
[WhiteClock "0:00:23"]
[BlackClock "0:00:00"]
[Board "168"]

1. e4 e5 2. Nf3 Nc6 3. d4 exd4 4. Bc4 Nf6 5. O-O Nxe4 6. Nc3 Nxc3 7. bxc3 d5 8. Bd3 dxc3 9. Re1+ Be7 10. Ng5 g6 11. Ba3 O-O 12. Rxe7 Nxe7 13. Qe2 Nf5 14. Bxf8 Kxf8 15. h4 Nxh4 16. Qe5 f6 17. Ne6+ Bxe6 18. Qxe6 Qd6 19. Qh3 Qf4 20. g3 Nf3+ 21. Kg2 Ng5 22. Qh6+ Kf7 23. gxf4 1-0


[Site "https://www.chess.com"]

[Event "Titled Tuesday Blitz November 07 Early 2023"]
[White "Baches Garcia, Guillermo"]
[Black "LeoWin2012"]
[WhiteFideId "2209764"]
[WhiteElo "2482"]
[BlackElo "2279"]
[Result "1-0"]
[Round "6"]
[TimeControl "180+1"]
[Date "2023.11.07"]
[WhiteClock "0:01:57"]
[BlackClock "0:02:27"]
[Board "169"]

1. d4 d5 2. Nf3 Nf6 3. Bg5 Ne4 4. Bf4 e6 5. Nbd2 f5 6. e3 c5 7. Nxe4 dxe4 8. Ne5 cxd4 9. Qh5+ Ke7 10. Bg5+ Kd6 11. Nf7+ Kc5 12. Bxd8 dxe3 13. Nxh8 e2 14. Qxe2 Nc6 15. O-O-O Bd6 16. Qb5# 1-0


[Site "https://www.chess.com"]

[Event "Titled Tuesday Blitz November 07 Early 2023"]
[White "Tharushi, T H D Niklesha"]
[Black "Manukyan, Sargis V."]
[WhiteFideId "9918264"]
[BlackFideId "13303465"]
[WhiteElo "2264"]
[BlackElo "2445"]
[Result "0-1"]
[Round "6"]
[TimeControl "180+1"]
[Date "2023.11.07"]
[WhiteClock "0:00:14"]
[BlackClock "0:02:00"]
[Board "170"]

1. e4 e6 2. d4 d5 3. Nc3 Bb4 4. exd5 exd5 5. Bd3 Nc6 6. a3 Bxc3+ 7. bxc3 Nge7 8. Qh5 Be6 9. Nf3 g6 10. Qg5 Qd7 11. Qf6 O-O-O 12. Bg5 h6 13. Bh4 g5 14. Bg3 g4 15. Ne5 Nxe5 16. Qxe5 Nc6 17. Qf4 h5 18. h3 h4 19. Bh2 gxh3 20. g3 hxg3 21. Bxg3 Rde8 22. O-O-O Qe7 23. Kb2 Na5 24. Rde1 Qd7 25. Ka2 Re7 26. Re5 Rhe8 27. Rhe1 Qc6 28. Kb2 Qb6+ 29. Kc1 Qd6 30. Kd2 Nc6 31. Rh5 Qxa3 32. Bf5 Na5 33. Bxe6+ fxe6 34. Rxe6 Nc4+ 35. Kd3 Qa1 36. Rxd5 Qf1+ 37. Ke4 Rxe6+ 38. Kf5 Nd6+ 39. Kg4 Qe2+ 40. f3 Rg8+ 41. Kh4 Rh8+ 42. Kg4 Rg6+ 43. Rg5 Qe6+ 44. Qf5 Qxf5# 0-1


[Site "https://www.chess.com"]

[Event "Titled Tuesday Blitz November 07 Early 2023"]
[White "Slovineanu, Viacheslav"]
[Black "Kula, Robert"]
[WhiteFideId "13900510"]
[BlackFideId "1101218"]
[WhiteElo "2392"]
[BlackElo "2257"]
[Result "1-0"]
[Round "6"]
[TimeControl "180+1"]
[Date "2023.11.07"]
[WhiteClock "0:00:24"]
[BlackClock "0:00:12"]
[Board "171"]

1. d4 d5 2. Nf3 c6 3. c4 e6 4. e3 f5 5. Nbd2 Nf6 6. g3 Be7 7. Bg2 O-O 8. O-O Bd7 9. Rb1 Be8 10. b4 a6 11. a4 Nbd7 12. Qb3 Bh5 13. Ba3 b5 14. cxb5 cxb5 15. a5 Bxf3 16. Bxf3 Ne4 17. Qd3 Rc8 18. Rbc1 Bd6 19. Rxc8 Qxc8 20. Rc1 Qb8 21. Nb3 Ndf6 22. Rc6 Qb7 23. Qc2 Bb8 24. Rxe6 Rc8 25. Nc5 Nxc5 26. dxc5 Ne4 27. Bb2 Kf7 28. Rb6 Qa7 29. Qd3 Rd8 30. Qd4 Kg8 31. c6 Nf6 32. Rb7 Qxd4 33. Bxd4 Rc8 34. Bxf6 gxf6 35. Bxd5+ Kf8 36. Rb6 Rd8 37. Bf3 Bd6 38. Rxa6 Bxb4 39. c7 Rc8 40. Rxf6+ Ke7 41. Rxf5 Bxa5 42. Rxb5 Bxc7 43. Rc5 Kd6 44. Rc6+ Kd7 45. Bg4+ Kxc6 46. Bxc8 Kd5 47. Bb7+ Ke5 48. f4+ Kf5 49. Kf2 h5 50. Kf3 h4 51. g4+ Kf6 52. g5+ Kg6 53. Kg4 Bb6 54. e4 Bf2 55. h3 Bg3 56. f5+ Kg7 57. Bc6 Bf2 58. f6+ Kg6 59. Be8+ Kh7 60. e5 Bd4 61. Kf5 Kg8 62. g6 Kf8 63. Bc6 Bc3 64. g7+ Kg8 65. Bd5+ Kh7 66. g8=Q+ Kh6 67. Qg6# 1-0


[Site "https://www.chess.com"]

[Event "Titled Tuesday Blitz November 07 Early 2023"]
[White "FuenfgegenWilly"]
[Black "Skibbe, Willi"]
[BlackFideId "4682190"]
[WhiteElo "2390"]
[BlackElo "2178"]
[Result "0-1"]
[Round "6"]
[TimeControl "180+1"]
[Date "2023.11.07"]
[WhiteClock "0:00:09"]
[BlackClock "0:00:18"]
[Board "172"]

1. d4 d5 2. Nf3 e6 3. Bf4 c5 4. e3 Nc6 5. Nbd2 Qb6 6. dxc5 Bxc5 7. Rb1 Nf6 8. Be2 O-O 9. O-O Nh5 10. c4 Nxf4 11. exf4 Rd8 12. cxd5 Rxd5 13. Qc2 Nd4 14. Nxd4 Rxd4 15. Nb3 Rd5 16. Bf3 Rf5 17. Rfd1 Be7 18. g3 a5 19. Rbc1 a4 20. Qxc8+ Rxc8 21. Rxc8+ Bf8 22. Rdd8 g6 23. Rxf8+ Kg7 24. Nd4 Qxd4 25. b3 axb3 26. axb3 Rb5 27. Rg8+ Kh6 28. Rcf8 Qf6 29. Bd1 Rd5 30. Bc2 Rd7 31. Rh8 Qc3 32. Be4 Qe1+ 33. Kg2 Qxe4+ 34. Kh3 Rd5 35. g4 Qf3+ 36. Kh4 Qxf2+ 37. Kh3 Rd3# 0-1


[Site "https://www.chess.com"]

[Event "Titled Tuesday Blitz November 07 Early 2023"]
[White "Cheer_Down"]
[Black "Feliz Dotel, Dewar Bienvenido"]
[BlackFideId "6402801"]
[WhiteElo "2370"]
[BlackElo "2137"]
[Result "1-0"]
[Round "6"]
[TimeControl "180+1"]
[Date "2023.11.07"]
[WhiteClock "0:00:28"]
[BlackClock "0:00:00"]
[Board "173"]

1. e4 e5 2. Nf3 Nc6 3. Bc4 Nf6 4. d3 Be7 5. O-O O-O 6. Re1 d6 7. a4 Be6 8. Bxe6 fxe6 9. c3 Qd7 10. b4 Rae8 11. Nbd2 h6 12. Nc4 Rf7 13. b5 Nd8 14. Ra2 Ref8 15. Ne3 Nh7 16. d4 Rxf3 17. gxf3 Ng5 18. dxe5 Nxf3+ 19. Kh1 Qe8 20. Rg1 Nxe5 21. Ng4 Nxg4 22. Qxg4 Qf7 23. Bxh6 Bf6 24. Rc2 e5 25. c4 Ne6 26. Be3 b6 27. Qf5 Qe7 28. Qg4 Qf7 29. Qg6 Bh4 30. Qxf7+ Rxf7 31. Rg6 Bf6 32. Rg1 Bh4 33. Kg2 Bg5 34. a5 Bf4 35. Ra1 Rf6 36. axb6 axb6 37. Ra7 Rg6+ 38. Kf3 Rf6 39. Kg2 Kf7 40. h3 Ke7 41. c5 Bxe3 42. cxd6+ Kxd6 43. Rc6+ Kd7 44. fxe3 Nc5 45. Raxc7+ Kd8 46. Rxg7 Rxc6 47. bxc6 Nxe4 48. h4 b5 49. h5 b4 50. h6 1-0


[Site "https://www.chess.com"]

[Event "Titled Tuesday Blitz November 07 Early 2023"]
[White "Fernandez Sanchez, Mario Andres"]
[Black "Skaric, Djuro"]
[WhiteFideId "6501621"]
[BlackFideId "934569"]
[WhiteElo "2095"]
[BlackElo "2348"]
[Result "1-0"]
[Round "6"]
[TimeControl "180+1"]
[Date "2023.11.07"]
[WhiteClock "0:00:11"]
[BlackClock "0:00:07"]
[Board "174"]

1. d4 d6 2. Bf4 g6 3. Nc3 Bg7 4. e3 Nf6 5. h4 h6 6. Bc4 Nc6 7. Qd2 a6 8. a4 O-O 9. Nf3 Kh7 10. h5 Nxh5 11. Rxh5 gxh5 12. O-O-O f5 13. Rh1 Qe8 14. Nh4 e5 15. Bg3 e4 16. Nd5 Qd8 17. Nf4 b5 18. Bd5 Bd7 19. Nxh5 Qg5 20. Nxg7 Kxg7 21. Bf4 Qf6 22. f3 Rae8 23. Nxf5+ Bxf5 24. Bxh6+ Kg6 25. Bxc6 Re7 26. g4 Bd7 27. Bxf8 Qxf8 28. Bxe4+ Rxe4 29. fxe4 Qf3 30. Rg1 bxa4 31. e5 d5 32. Kb1 Bb5 33. g5 a3 34. bxa3 Bc4 35. Re1 Qe4 36. Qb4 Qg2 37. Qe7 Kh5 38. Qf6 Bb5 39. Kb2 Ba4 40. Qh6+ Kg4 41. Rc1 Qe2 42. g6 Qb5+ 43. Ka1 Kf3 44. Qf4+ Kg2 45. g7 Qc4 46. g8=Q+ 1-0


[Site "https://www.chess.com"]

[Event "Titled Tuesday Blitz November 07 Early 2023"]
[White "Mirza, Diana"]
[Black "Matthes, Aaron"]
[WhiteFideId "2503999"]
[BlackFideId "16227310"]
[WhiteElo "1980"]
[BlackElo "2343"]
[Result "1-0"]
[Round "6"]
[TimeControl "180+1"]
[Date "2023.11.07"]
[WhiteClock "0:00:41"]
[BlackClock "0:00:14"]
[Board "175"]

1. e4 c6 2. d4 d5 3. exd5 cxd5 4. Bd3 Nc6 5. c3 Nf6 6. Bf4 Bg4 7. Qb3 Qd7 8. Nd2 e6 9. Ngf3 a6 10. O-O Be7 11. Ne5 Nxe5 12. Bxe5 O-O 13. f4 b5 14. a4 bxa4 15. Qxa4 Qb7 16. b3 a5 17. c4 Bb4 18. Nf3 dxc4 19. bxc4 Ne4 20. Qc2 f5 21. h3 Bxf3 22. Rxf3 Rfc8 23. Bxe4 Qxe4 24. Qa4 Rxc4 25. Qd7 Bf8 26. Qxe6+ Kh8 27. Qxc4 Rd8 28. Rg3 Re8 29. Qf7 1-0


[Site "https://www.chess.com"]

[Event "Titled Tuesday Blitz November 07 Early 2023"]
[White "Bazilius, Augustinas"]
[Black "katharinareinecke"]
[WhiteFideId "12832251"]
[WhiteElo "2500"]
[BlackElo "1930"]
[Result "1-0"]
[Round "6"]
[TimeControl "180+1"]
[Date "2023.11.07"]
[WhiteClock "0:01:32"]
[BlackClock "0:00:50"]
[Board "176"]

1. d4 d5 2. c4 c6 3. Nf3 Nf6 4. g3 Bg4 5. Bg2 e6 6. h3 Bxf3 7. Bxf3 Be7 8. O-O O-O 9. Qc2 Nbd7 10. Nd2 Rc8 11. e4 dxe4 12. Nxe4 Nxe4 13. Qxe4 Nf6 14. Qf4 Qc7 15. Qxc7 Rxc7 16. Be3 Rd7 17. Rfd1 Rfd8 18. a3 c5 19. dxc5 Rxd1+ 20. Rxd1 Rxd1+ 21. Bxd1 Ne4 22. Bf3 Nxc5 23. b4 Nd3 24. Bxb7 a5 25. bxa5 Nc5 26. a6 Nxb7 27. axb7 Bd6 28. Ba7 1-0


[Site "https://www.chess.com"]

[Event "Titled Tuesday Blitz November 07 Early 2023"]
[White "Estrada Nieto, Julian"]
[Black "Minina, Veronika"]
[WhiteFideId "5101018"]
[BlackFideId "4174780"]
[WhiteElo "2472"]
[BlackElo "2314"]
[Result "1-0"]
[Round "6"]
[TimeControl "180+1"]
[Date "2023.11.07"]
[WhiteClock "0:00:47"]
[BlackClock "0:00:00"]
[Board "177"]

1. e4 c5 2. Nf3 Nc6 3. Bb5 e6 4. O-O Nge7 5. Re1 Ng6 6. c3 Be7 7. d4 cxd4 8. cxd4 d5 9. e5 O-O 10. Nc3 a6 11. Bd3 b5 12. g3 b4 13. Ne2 a5 14. h4 Re8 15. Bg5 Ba6 16. Rc1 Bxd3 17. Qxd3 Qd7 18. h5 Nf8 19. h6 g6 20. Qe3 Bxg5 21. Qxg5 Ne7 22. g4 Qd8 23. Qf6 Nf5 24. gxf5 Qxf6 25. exf6 exf5 26. Nf4 Rad8 27. Rxe8 Rxe8 28. Nxd5 Ne6 29. Ne7+ Kf8 30. d5 Nf4 31. Rc5 Rd8 32. Ne5 Nd3 33. Nxd3 1-0


[Site "https://www.chess.com"]

[Event "Titled Tuesday Blitz November 07 Early 2023"]
[White "Buchenau, Frank"]
[Black "Zampronha, Wladimir Camilo"]
[WhiteFideId "4604350"]
[BlackFideId "2103087"]
[WhiteElo "2471"]
[BlackElo "2314"]
[Result "1-0"]
[Round "6"]
[TimeControl "180+1"]
[Date "2023.11.07"]
[WhiteClock "0:01:25"]
[BlackClock "0:01:24"]
[Board "178"]

1. e4 c5 2. Nf3 e6 3. d4 cxd4 4. Nxd4 Nc6 5. Nc3 Qc7 6. Be3 a6 7. Bd3 Nf6 8. O-O Ne5 9. Be2 h5 10. h3 Bc5 11. f4 Nc6 12. Bf2 Nxd4 13. Bxd4 Bxd4+ 14. Qxd4 h4 15. e5 Nh5 16. Bxh5 Rxh5 17. Ne4 Kf8 18. c4 b6 19. Rad1 Ra7 20. Qd6+ Qxd6 21. Rxd6 b5 22. c5 Ke7 23. Rfd1 f6 24. exf6+ gxf6 25. b4 Rc7 26. Rb6 Bb7 27. Nd6 Bd5 28. Rxa6 e5 29. Rxd5 1-0


[Site "https://www.chess.com"]

[Event "Titled Tuesday Blitz November 07 Early 2023"]
[White "Osmonbekov, Talaibek"]
[Black "Mystery2007"]
[WhiteFideId "2017253"]
[WhiteElo "2306"]
[BlackElo "2466"]
[Result "1-0"]
[Round "6"]
[TimeControl "180+1"]
[Date "2023.11.07"]
[WhiteClock "0:00:11"]
[BlackClock "0:00:06"]
[Board "179"]

1. d4 Nf6 2. Nc3 d5 3. Bf4 a6 4. e3 b5 5. a3 Bb7 6. Nf3 e6 7. Ne5 c5 8. g4 h6 9. h4 Nbd7 10. Rg1 Nxe5 11. Bxe5 Nd7 12. Bg3 Qb6 13. Qd2 c4 14. f3 Be7 15. Rh1 a5 16. Ne2 b4 17. Nf4 bxa3 18. bxa3 Qb2 19. Qd1 Bxa3 20. Rb1 Qc3+ 21. Ke2 Bb4 22. Be1 Qxe1+ 23. Qxe1 Bxe1 24. Rxb7 Bc3 25. Nh5 Rg8 26. g5 a4 27. Bh3 a3 28. g6 a2 29. gxf7+ Kxf7 30. Rxd7+ Kg6 31. Nf4+ Kh7 32. Bxe6 Rgf8 33. Bxd5 a1=Q 34. Be4+ Kh8 35. Ng6+ Kg8 36. Bd5+ Kh7 37. Nxf8+ Rxf8 38. Rxa1 Bxa1 39. Bxc4 Rc8 40. Bd3+ Kh8 41. h5 Bb2 42. c4 Kg8 43. c5 Kf8 44. Bg6 Ba3 45. Kd3 Bc1 46. Rf7+ Kg8 47. Re7 Kf8 48. Rf7+ Kg8 49. Rb7 Ba3 50. e4 Rd8 51. Kc4 Kf8 52. Ra7 Bb2 53. d5 Bc1 54. c6 Bf4 55. Rf7+ Kg8 56. Rxf4 Rc8 57. Kc5 Rd8 58. d6 Ra8 59. c7 Rc8 60. Kc6 Ra8 61. d7 Ra6+ 62. Kb7 Rxg6 63. c8=Q+ Kh7 64. hxg6+ Kxg6 65. d8=Q h5 66. Qf5+ Kh6 67. Qh8# 1-0


[Site "https://www.chess.com"]

[Event "Titled Tuesday Blitz November 07 Early 2023"]
[White "Boraso, Alessio"]
[Black "Barbot, Pierre"]
[WhiteFideId "848077"]
[BlackFideId "663727"]
[WhiteElo "2434"]
[BlackElo "2302"]
[Result "1-0"]
[Round "6"]
[TimeControl "180+1"]
[Date "2023.11.07"]
[WhiteClock "0:00:03"]
[BlackClock "0:00:02"]
[Board "180"]

1. g3 g6 2. Bg2 Nf6 3. e4 d6 4. d4 Bg7 5. Ne2 O-O 6. O-O c5 7. Nbc3 cxd4 8. Nxd4 Nc6 9. h3 Nxd4 10. Qxd4 Nd7 11. Qe3 Nc5 12. a4 Be6 13. a5 Rc8 14. Kh2 b6 15. Nb5 Bc4 16. Nxa7 Bxf1 17. Bxf1 Ra8 18. Nc6 Qc7 19. Bb5 bxa5 20. Bd2 a4 21. f3 Bxb2 22. Ra2 Bg7 23. h4 Bf6 24. h5 Qb6 25. c4 Nd7 26. Qe2 Ne5 27. Be3 Qb7 28. Nb4 Rfc8 29. Nd5 Ra5 30. f4 Nc6 31. Qg4 Re8 32. Nb4 Nxb4 33. Bxe8 Nxa2 34. hxg6 hxg6 35. f5 Qb2+ 36. Kh3 Bg7 37. fxg6 fxg6 38. Bxg6 Qe5 39. Bd4 Qxd4 40. Qe6+ Kh8 41. Qc8+ Bf8 42. Qxf8# 1-0


[Site "https://www.chess.com"]

[Event "Titled Tuesday Blitz November 07 Early 2023"]
[White "Novikova, Galina"]
[Black "Schut, Han"]
[WhiteFideId "4157095"]
[BlackFideId "1005561"]
[WhiteElo "2421"]
[BlackElo "2298"]
[Result "1-0"]
[Round "6"]
[TimeControl "180+1"]
[Date "2023.11.07"]
[WhiteClock "0:00:40"]
[BlackClock "0:00:00"]
[Board "181"]

1. e4 c5 2. Nf3 d6 3. d4 cxd4 4. Nxd4 Nf6 5. Nc3 a6 6. Rg1 e6 7. g4 h6 8. h4 d5 9. exd5 Nxd5 10. Nxd5 Qxd5 11. Be3 Be7 12. Bg2 Qa5+ 13. Bd2 Qb6 14. Nb3 Bxh4 15. Qe2 Nc6 16. Be3 Qc7 17. O-O-O Bd7 18. Bc5 O-O-O 19. Bd6 Qb6 20. Bc5 Qc7 21. Kb1 Be7 22. Be3 e5 23. Nc5 Bxc5 24. Bxc5 Be6 25. Qe3 Rxd1+ 26. Rxd1 Rd8 27. Rc1 Nd4 28. Ba3 f6 29. c3 Nb5 30. Bc5 Qd7 31. Ka1 Qd2 32. Rg1 Qxe3 33. Bxe3 Bxg4 34. a4 Nd6 35. Bb6 1-0


[Site "https://www.chess.com"]

[Event "Titled Tuesday Blitz November 07 Early 2023"]
[White "Martin, Lewis"]
[Black "crazy_m_attack"]
[WhiteFideId "410551"]
[WhiteElo "2283"]
[BlackElo "2421"]
[Result "0-1"]
[Round "6"]
[TimeControl "180+1"]
[Date "2023.11.07"]
[WhiteClock "0:00:00"]
[BlackClock "0:00:05"]
[Board "182"]

1. c4 e6 2. g3 Nf6 3. Bg2 d5 4. Nf3 Be7 5. O-O O-O 6. b3 d4 7. Bb2 c5 8. e3 Nc6 9. exd4 cxd4 10. d3 e5 11. Re1 Bd6 12. Nbd2 Bf5 13. Ne4 Nxe4 14. dxe4 Bg4 15. h3 Bd7 16. a3 a5 17. Re2 Qe7 18. Ne1 Rae8 19. Nd3 f5 20. exf5 Bxf5 21. g4 Bg6 22. Bd5+ Kh8 23. Bxc6 bxc6 24. Bxd4 Qh4 25. Nxe5 Bxe5 26. Bxe5 Rd8 27. Rd2 Rxd2 28. Qxd2 Qxh3 29. Qd4 c5 30. Qxc5 Qxg4+ 31. Bg3 Re8 32. Qd6 Qh3 33. Be5 Be4 34. Bxg7+ Kxg7 35. Qg3+ Qxg3+ 36. fxg3 Rb8 37. Re1 Bc2 38. Re7+ Kg6 39. Ra7 Bxb3 40. Rxa5 Bxc4 41. Ra7 Rb1+ 42. Kf2 Rb2+ 43. Kf3 Rb3+ 44. Kf4 Be2 45. a4 Rf3+ 46. Ke4 Rxg3 47. a5 Ra3 0-1


[Site "https://www.chess.com"]

[Event "Titled Tuesday Blitz November 07 Early 2023"]
[White "De Souza, Cristiano Gomes"]
[Black "Musalov, Ruslan"]
[WhiteFideId "2151758"]
[BlackFideId "4141490"]
[WhiteElo "2274"]
[BlackElo "2418"]
[Result "1-0"]
[Round "6"]
[TimeControl "180+1"]
[Date "2023.11.07"]
[WhiteClock "0:00:43"]
[BlackClock "0:00:02"]
[Board "183"]

1. d4 Nf6 2. c4 g6 3. Nc3 Bg7 4. e4 O-O 5. Nf3 d6 6. Be2 e5 7. O-O Nc6 8. d5 Ne7 9. Ne1 Nd7 10. Be3 f5 11. f3 f4 12. Bf2 g5 13. Nb5 a6 14. Na7 Rxa7 15. Bxa7 b6 16. b4 Bb7 17. c5 dxc5 18. Rc1 cxb4 19. d6 Nc6 20. Bxa6 Bxa6 21. Rxc6 Bxf1 22. dxc7 Qc8 23. Kxf1 Nf6 24. Bxb6 Qb7 25. Qd6 Qc8 26. Nd3 g4 27. Nxe5 gxf3 28. gxf3 Kh8 29. Qe6 Nxe4 30. fxe4 Bxe5 31. Qxe5+ Kg8 32. Qd5+ Rf7 33. Qd8+ Rf8 34. Qxc8 Rxc8 35. Rd6 1-0


[Site "https://www.chess.com"]

[Event "Titled Tuesday Blitz November 07 Early 2023"]
[White "Daianu, Cristian-Clement"]
[Black "parintele_chess"]
[WhiteFideId "1208926"]
[WhiteElo "2405"]
[BlackElo "2232"]
[Result "1-0"]
[Round "6"]
[TimeControl "180+1"]
[Date "2023.11.07"]
[WhiteClock "0:01:37"]
[BlackClock "0:00:27"]
[Board "184"]

1. e4 e5 2. Bc4 Nf6 3. d3 Nc6 4. f4 d6 5. Nf3 Bg4 6. O-O Nd4 7. fxe5 Bxf3 8. gxf3 dxe5 9. c3 Nc6 10. f4 Bc5+ 11. Kh1 Qd6 12. b4 Bb6 13. a4 a6 14. Nd2 O-O 15. f5 Be3 16. Nf3 Bxc1 17. Qxc1 h6 18. Rg1 Nh7 19. Rg6 Ng5 20. Nxg5 Qe7 21. Nxf7 Rxf7 22. Qxh6 b5 23. Qxg7# 1-0


[Site "https://www.chess.com"]

[Event "Titled Tuesday Blitz November 07 Early 2023"]
[White "Sarkar, Justin"]
[Black "Filip, Andrei"]
[WhiteFideId "2010011"]
[BlackFideId "1249452"]
[WhiteElo "2224"]
[BlackElo "2402"]
[Result "0-1"]
[Round "6"]
[TimeControl "180+1"]
[Date "2023.11.07"]
[WhiteClock "0:00:00"]
[BlackClock "0:00:16"]
[Board "185"]

1. e4 e5 2. Nf3 Nc6 3. Bc4 Bc5 4. c3 Nf6 5. d4 exd4 6. e5 d5 7. Be2 Ne4 8. cxd4 Bb4+ 9. Nbd2 Bf5 10. O-O O-O 11. Nb3 f6 12. Be3 Bg4 13. a3 Be7 14. Rc1 fxe5 15. Nxe5 Nxe5 16. dxe5 Bxe2 17. Qxe2 c6 18. f3 Ng5 19. Nc5 Qc8 20. f4 Ne6 21. Nb3 g6 22. g4 Ng7 23. Bc5 Bxc5+ 24. Nxc5 b6 25. Nd3 c5 26. Qf3 d4 27. Qe4 Qxg4+ 28. Kh1 Qf5 29. Qd5+ Kh8 30. Ne1 Rad8 31. Qf3 Ne6 32. Ng2 Ng7 33. Rcd1 Qe6 34. Qg4 Qxg4 0-1


[Site "https://www.chess.com"]

[Event "Titled Tuesday Blitz November 07 Early 2023"]
[White "Smirnov, Timofey"]
[Black "Juicy_Fork"]
[WhiteFideId "24176427"]
[WhiteElo "2182"]
[BlackElo "2381"]
[Result "0-1"]
[Round "6"]
[TimeControl "180+1"]
[Date "2023.11.07"]
[WhiteClock "0:01:00"]
[BlackClock "0:00:13"]
[Board "186"]

1. d4 Nf6 2. Bf4 g6 3. Nc3 Bg7 4. e4 d6 5. e5 Nfd7 6. Nf3 O-O 7. Bc4 Nb6 8. Bb3 c5 9. dxc5 dxc5 10. Qxd8 Rxd8 11. e6 c4 12. Bc7 Rd6 13. Bxd6 exd6 14. exf7+ Kxf7 15. Ba4 Bxc3+ 16. bxc3 Nxa4 17. O-O Nc6 18. Nd4 Nxc3 19. Nxc6 bxc6 20. Rfe1 Bf5 21. Re3 Nd5 22. Rf3 Re8 23. g4 Kf6 24. Kf1 Re4 25. gxf5 gxf5 26. Re1 Rh4 27. Kg2 Nf4+ 28. Kg3 Rg4# 0-1


[Site "https://www.chess.com"]

[Event "Titled Tuesday Blitz November 07 Early 2023"]
[White "knightinshiningarmour16"]
[Black "La Villa Rivas, Marlon Javier"]
[BlackFideId "3519546"]
[WhiteElo "2164"]
[BlackElo "2377"]
[Result "0-1"]
[Round "6"]
[TimeControl "180+1"]
[Date "2023.11.07"]
[WhiteClock "0:00:22"]
[BlackClock "0:01:52"]
[Board "187"]

1. d4 Nf6 2. Nf3 e6 3. c4 b6 4. Nc3 Bb4 5. Qc2 Bb7 6. Bg5 h6 7. Bh4 g5 8. Bg3 Ne4 9. a3 Bxc3+ 10. bxc3 Nxg3 11. hxg3 d6 12. e4 Nd7 13. Bd3 Qf6 14. a4 a5 15. Rb1 O-O-O 16. Nd2 e5 17. Qb2 Rhe8 18. O-O h5 19. c5 dxc5 20. Bb5 exd4 21. cxd4 Qxd4 22. Nc4 Qxb2 23. Rxb2 Rxe4 24. f3 Rd4 25. Bxd7+ R8xd7 26. Ne5 Re7 27. f4 f6 28. Ng6 Rg7 29. f5 Rgd7 30. Re2 Ba6 31. Re8+ Kb7 32. Rfe1 Rd1 33. Rxd1 Rxd1+ 34. Kh2 Rd2 35. Re6 Rd6 36. Kg1 c4 37. Re7 c3 38. Re3 c2 39. Rc3 Rd1+ 40. Kh2 c1=Q 41. Rxc1 Rxc1 42. Ne7 Rc2 43. Ng8 Bf1 44. Nxf6 Bxg2 45. Kg1 Bf3 46. Nh7 g4 47. f6 Bd5 48. Ng5 Rg2+ 49. Kf1 Rxg3 50. f7 Bxf7 51. Nxf7 Rf3+ 0-1


[Site "https://www.chess.com"]